 Dungeon Crawl Stone Soup version 0.22-a0-392-g5dc3fd9 (webtiles) character file.

74 DrEnzyme the Bolt Thrower (level 4, -2/34 HPs)
             Began as a Human Wanderer on May 1, 2018.
             Slain by a crimson imp (3 damage)
             ... summoned by Natasha
             ... on level 2 of the Dungeon.
             The game lasted 00:08:41 (1651 turns).

DrEnzyme the Bolt Thrower (Human Wanderer)          Turns: 1651, Time: 00:08:42

Health: -2/34      AC:  7    Str: 13    XL:     4   Next: 54%
Magic:  5/5        EV:  8    Int: 12    God:
Gold:   85         SH:  4    Dex: 13    Spells: 3/5 levels left

rFire    . . .     SeeInvis .   a - +0 short sword
rCold    . . .     Gourm    .   d - +0 buckler
rNeg     . . .     Faith    .   r - +0 scale mail {rPois}
rPois    +         Spirit   .   h - +1 hat
rElec    .         Reflect  .   (no cloak)
rCorr    .         Harm     .   (no gloves)
MR       .....                  (no boots)
Stlth    ..........             (no amulet)
HPRegen  0.11/turn              (no ring)
MPRegen  0.09/turn              (no ring)

@: no status effects
A: no striking features
a: no special abilities


You were on level 2 of the Dungeon.
You were not hungry.

You visited 1 branch of the dungeon, and saw 3 of its levels.

You collected 85 gold pieces.

Inventory:

Hand Weapons
 a - a +0 short sword (weapon)
 b - a +2 hand crossbow
Missiles
 k - 17 bolts
Armour
 d - a +0 buckler (worn)
 e - a +0 robe
 h - a +1 hat (worn)
 r - a +0 scale mail of poison resistance (worn)
Scrolls
 c - 3 scrolls of remove curse {unknown}
 l - 4 scrolls of teleportation {unknown}
 o - a scroll of blinking {unknown}
 q - 2 scrolls of identify {unknown}
Potions
 g - a potion of agility {unknown}
 i - a potion of heal wounds {unknown}
 j - a potion of haste {unknown}
 m - a potion of mutation {unknown}
 n - a potion of flight {unknown}
Comestibles
 f - 7 rations


   Skills:
 + Level 2.8 Fighting
 * Level 0.5 Short Blades
 + Level 3.3 Crossbows
 + Level 1.0 Armour
 * Level 0.3 Dodging
 * Level 0.4 Stealth
 - Level 1.2 Shields
 * Level 1.1 Spellcasting
   Level 2.0 Earth Magic
   Level 1.0 Evocations


You had 3 spell levels left.
You knew the following spells:

 Your Spells              Type           Power        Failure   Level  Hunger
a - Poisonous Vapours     Pois/Air       #.....       97%         2    ###....


Dungeon Overview and Level Annotations

Branches:
Dungeon (3/15)

Altars:
Vehumet

Annotations:
D:2 Natasha


Message History

The hobgoblin hits you but does no damage.
You closely miss Natasha.
Natasha is heavily wounded.
Natasha claws you but does no damage. You block the crimson imp's attack.
The hobgoblin hits you but does no damage.
You completely miss Natasha.
Natasha is heavily wounded.
Natasha claws you!
* * * LOW HITPOINT WARNING * * *
The crimson imp hits you but does no damage.
The hobgoblin barely misses you. Natasha claws you.
* * * LOW HITPOINT WARNING * * *
You miss Natasha.
Natasha is heavily wounded.
The crimson imp hits you but does no damage.
You block the hobgoblin's attack. You block Natasha's attack.
You closely miss Natasha.
Natasha is heavily wounded.
The crimson imp hits you.
You die...

#.###..# #.#...........# #.# #.#
#..# #.#..########.# #.# #.# #..#
##.#..# #.# #.# #.###..#
##..#..########.# ####.# ...##..#
#...#........##.###..... .......#
##.###.#####.##.........
...###.###.......................
#.####......###g#####.###........
#)..........# #h@5...........####
##########).# ###########.....# #
#..# #..###### #..#
########.##≈≈≈≈#
#..######.......##≈≈..≈≈
#.........#....(#≈≈♣.♣♣≈
#.#########.###.'...♣.♣. #.# #.#
#.'.(♣.♣.. #.# #.# ###≈≈♣♣.♣≈


You could see Natasha, a crimson imp and a hobgoblin.

Vanquished Creatures
  Terence (D:2)
  An adder (D:2)
  2 dart slugs
  3 leopard geckos
  A ball python (D:1)
  3 bats
  2 giant cockroaches (D:2)
  4 goblins
  4 hobgoblins (D:2)
  3 frilled lizards
  5 kobolds
  2 rats (D:1)
31 creatures vanquished.

Vanquished Creatures (others)
  A plant (D:1)
1 creature vanquished.

Grand Total: 32 creatures vanquished

Notes
Turn   | Place    | Note
-------+----------+-------------------------------------------
     0 | D:1      | DrEnzyme the Human Wanderer began the quest for the Orb.
     0 | D:1      | DrEnzyme set off with: a +2 hand crossbow, 23 bolts, a +0 buckler, a +0 robe, a ration
     0 | D:1      | Reached XP level 1. HP: 16/16 MP: 2/2
   104 | D:1      | Reached XP level 2. HP: 22/22 MP: 3/3
   108 | D:1      | Learned a level 2 spell: Poisonous Vapours
   424 | D:1      | Reached XP level 3. HP: 28/28 MP: 4/4
   876 | D:2      | Reached skill level 3 in Crossbows
  1213 | D:2      | Noticed Terence
  1239 | D:2      | Killed Terence
  1239 | D:2      | Reached XP level 4. HP: 7/34 MP: 5/5
  1490 | D:2      | Found a radiant altar of Vehumet.
  1626 | D:3      | Noticed Natasha
  1649 | D:2      | HP: 1/34 [Natasha (3)]
  1651 | D:2      | Slain by a crimson imp

Vault maps used:
D:1:      minmay_arrival_nine_rooms, serial_bayou, serial_bayou_shore_a,
          serial_bayou_pond_e, serial_bayou_shore_b, serial_bayou_ford_a
D:2:      vehumet_crystals, first_ration, kennysheep_generic_room_3,
          uniq_terence
D:3:      kennysheep_slug_shrine, serial_bayou_lake_a, uniq_crazy_yiuf_cottage,
          uniq_grinder, uniq_natasha, uniq_ijyb

Skill      XL: |  1  2  3 |
---------------+----------+-----
Crossbows      | 3 |  3.3
Fighting       | |  2.8
Short Blades   | |  0.5
Armour         | |  1.0
Dodging        | |  0.3
Stealth        | |  0.4
Shields        | |  1.2
Spellcasting   | |  1.1
Earth Magic    | |  2.0
Evocations     | |  1.0

Action                   |  1- 3 |  4- 6 || total
-------------------------+-------+-------++-------
Melee: Short sword       |    23 |    32 ||    55
 Fire: Hand crossbow     |    57 |       ||    57
 Stab: Sleeping          |     1 |       ||     1
  Eat: Chunk             |     1 |       ||     1
       Ration            |       |     1 ||     1
Armor: Robe              |     2 |       ||     2
       Scale mail        |       |    28 ||    28
Dodge: Dodged            |    21 |    11 ||    32
Block: Buckler           |     7 |    11 ||    18

Table legend:
 A = Spawn XP
 B = Non-spawn XP
 C = Spawn XP percentage of total XP
 D = Spawn monster count
 E = Non-spawn monster count
 F = Spawn count percentage of total count
 G = Total turns spent on level
                    A         B        C        D         E        F      G
               +---------+---------+-------+---------+---------+-------+---------
         Total |       0 |     107 |   0.0 |       0 |      31 |   0.0 |  1651
               +---------+---------+-------+---------+---------+-------+---------
           D:1 |       0 |      29 |   0.0 |       0 |      15 |   0.0 |   775
           D:2 |       0 |      77 |   0.0 |       0 |      15 |   0.0 |   852
           D:3 |       0 |       1 |   0.0 |       0 |       1 |   0.0 |    24
               +---------+---------+-------+---------+---------+-------+---------
